cohdb
Replays
Latest Replays
All Replays
Popular Replays
Top Player Replays
Match Explorer
How It Works
Community
CoH3 Stats
Reddit
Sign in to upload your games and track your stats! →
Sign in with Steam
Match 45506380
Unlisted
Match 45506380
Overview
Messages
Build Orders
End
Construct Section Command Post
Selects Canadian Shock Battlegroup
Infantry Section
Vickers Machine Gun Team
ML 3-inch Mortar Team
Construct Platoon Command Post
Selects Offensive Resupply
Selects Canadian Shock Section
Canadian Shock Section
CMP 15cwt Truck
Humber Armored Car
Selects Incendiary Munitions
6-pounder Anti-tank Gun Team
Grenade Package
Selects Pyrotechnics
Forward Retreat Point
6-pounder Anti-tank Gun Team
Herr Heinler
娘希匹,优势在我!
Stilzo
...........
Methiebe
Le rat Madan
Mithers
U.Der
0
0
Comments
sign in to comment!
No comments posted yet!